AoeStats
← de one who is win this play

Arena

507353139Analyzed
4v4 RM · 15d ago on Sep 17, 2026· 45m 3s· 8 players
Game mode
Random Map
Map size
Large (8 player)
Population
200
Speed
Normal
Resources
Standard
Victory
Conquest
Starting age
Dark Age
Ending age
Imperial Age
RankedLock teamsTeams togetherTeam positionsShared explorationLock speedFull tech treeHidden civsTurbo modeCheats
Victory
Defeat
1101
+15
🇦🇷 Burgundians · Argentina
1055
+49
🇹🇷 Italians · Türkiye
1011
+18
🇦🇷 Britons · Argentina
1010
+18
🇧🇷 Franks · Brazil
1103
-18
🇧🇷 Ethiopians · Brazil
1082
-18
🇧🇷 Romans · Brazil
1073
-17
🇧🇷 Bohemians · Brazil
1010
-15
guilhermevw.eng
10:50 Feudal Age
12:10 Gold Mining
12:09 Double-Bit Axe
16:50 Castle Age
14:44 Horse Collar
17:27 Scale Mail Armor
17:56 Bow Saw
17:52 Man-at-Arms
18:34 Squires
19:45 Long Swordsman
19:48 Pikeman
21:20 Chain Mail Armor
23:10 Stone Mining
24:00 Gold Shaft Mining
25:35 Forging
28:23 Ballistas
32:12 Long Swordsman
36:09 Imperial Age
35:25 Iron Casting
36:29 Heavy Scorpion
36:57 Legionary
Leon Lima
8:16 Loom
10:04 Feudal Age
14:32 Double-Bit Axe
14:44 Stone Mining
21:52 Castle Age
20:34 Forging
20:29 Scale Barding Armor
20:19 Gold Mining
22:50 Husbandry
23:30 Chain Barding Armor
23:46 Iron Casting
30:16 Wheelbarrow
29:27 Loom
30:29 Bow Saw
30:58 Gold Shaft Mining
33:50 Imperial Age
35:54 Hand Cart
35:25 Town Watch
35:52 Cavalier
37:16 Chivalry
38:11 Cavalier
40:32 Plate Barding Armor
42:13 Coinage
41:43 Caravan
44:35 Banking
e_noque
11:56 Feudal Age
16:10 Castle Age
16:21 Padded Archer Armor
16:12 Fletching
16:24 Double-Bit Axe
16:50 Loom
21:34 Horse Collar
27:41 Chemistry
27:33 Ballistics
30:13 Murder Holes
35:26 Wagenburg Tactics
35:41 Crossbowman
mbchaves
10:47 Feudal Age
15:39 Castle Age
21:29 Forging
21:36 Double-Bit Axe
26:23 Wheelbarrow
26:41 Elite Skirmisher
30:49 Horse Collar
33:01 Hand Cart
33:02 Fletching
33:13 Padded Archer Armor
36:06 Thumb Ring
36:54 Crossbowman
de one who is win this play
11:48 Feudal Age
12:59 Double-Bit Axe
15:36 Castle Age
13:24 Horse Collar
14:42 Gold Mining
17:20 Wheelbarrow
16:46 Loom
20:50 Fervor
22:21 Husbandry
23:58 Scale Barding Armor
25:03 Stone Mining
25:48 Gold Shaft Mining
25:04 Stone Mining
25:42 Bow Saw
26:14 Scale Mail Armor
26:24 Forging
26:51 Squires
29:45 Chain Mail Armor
30:05 Iron Casting
33:39 Imperial Age
31:28 Hand Cart
32:48 Chain Barding Armor
33:01 Royal Heirs
33:49 Elite Shotel Warrior
34:52 Conscription
35:51 Blast Furnace
35:22 Plate Mail Armor
36:57 Gold Shaft Mining
36:58 Stone Shaft Mining
36:12 Town Watch
36:30 Heavy Plow
42:18 Torsion Engines
43:56 Chemistry
43:16 Ballistics
43:01 Siege Engineers
45:29 Guard Tower
Çalooo
0:34 Loom
10:36 Feudal Age
15:28 Castle Age
13:47 Double-Bit Axe
13:46 Horse Collar
15:53 Wheelbarrow
27:40 Imperial Age
25:39 Ballistics
25:26 Padded Archer Armor
25:25 Fletching
25:56 Gold Mining
26:40 Bow Saw
27:22 Heavy Plow
28:53 Hand Cart
29:44 Chemistry
29:17 Leather Archer Armor
29:06 Bodkin Arrow
31:10 Elite Genoese Crossbowman
32:48 Elite Skirmisher
36:42 Ring Archer Armor
36:13 Bracer
R-WAGNER
1:07 Loom
5:13 Loom
10:43 Feudal Age
14:59 Castle Age
13:06 Double-Bit Axe
14:29 Horse Collar
23:14 Fletching
23:34 Forging
23:30 Scale Barding Armor
25:50 Squires
26:03 Pikeman
27:12 Scale Mail Armor
29:00 Arson
31:44 Town Watch
32:34 Wheelbarrow
35:12 Ballistics
39:08 Imperial Age
36:50 Bow Saw
36:41 Heavy Plow
41:05 Chemistry
40:16 Masonry
41:47 Conscription
42:33 Siege Engineers
43:26 Bodkin Arrow
43:31 Padded Archer Armor
44:17 Halberdier
Bodoque
9:14 Double-Bit Axe
11:17 Feudal Age
13:26 Bow Saw
15:35 Castle Age
14:35 Horse Collar
18:46 Two-Man Saw
22:34 Heavy Plow
24:21 Loom
25:13 Wheelbarrow
27:09 Crop Rotation
28:03 Town Watch
28:56 Hand Cart
29:15 Town Patrol
31:14 Gold Mining
31:18 Stone Mining
31:17 Treadmill Crane
32:00 Ballistics
31:51 Fortified Wall
33:21 Forging
33:16 Scale Barding Armor
33:35 Redemption
35:08 Iron Casting
37:39 Imperial Age
37:36 Gold Shaft Mining
37:37 Stone Shaft Mining
39:28 Chemistry
38:14 Onager
39:47 Conscription
39:35 Burgundian Vineyards
41:09 Husbandry
40:29 Light Cavalry
42:14 Blast Furnace
41:34 Chain Barding Armor
41:16 Scale Mail Armor
41:57 Hussar
Connection lost

Rejoining the realm…

Still unreachable

The connection could not be restored.

Session expired

The server has moved on; the page needs a fresh start.